AoeStats
← m1gzu

Arena

504260108Analyzed
4v4 RM · 28d ago on Sep 4, 2026· 32m 9s· 8 players
Game mode
Random Map
Map size
Large (8 player)
Population
200
Speed
Normal
Resources
Standard
Victory
Conquest
Starting age
Dark Age
Ending age
Imperial Age
RankedLock teamsTeams togetherTeam positionsShared explorationLock speedFull tech treeHidden civsTurbo modeCheats
Victory
Defeat
🇦🇷 Bulgarians · Argentina
1837
+6
🇦🇷 Ethiopians · Argentina
1744
+10
🇭🇰 Bengalis · Hong Kong SAR China
1722
+10
🇦🇷 Japanese · Argentina
1720
+11
🇫🇮 Celts · Finland
1655
-11
🇪🇪 Byzantines · Estonia
1593
-9
🇧🇷 Franks · Brazil
1584
-9
🇺🇸 Koreans · United States
1554
-8
KumaraGD
9:48 Feudal Age
14:10 Castle Age
12:23 Double-Bit Axe
12:38 Horse Collar
13:43 Loom
17:07 Bow Saw
20:31 Scale Mail Armor
27:49 Imperial Age
28:03 Chain Mail Armor
27:58 Forging
28:04 Fortified Wall
28:07 Masonry
28:03 Fletching
28:36 Ballistics
29:48 Plate Mail Armor
31:32 Squires
Cr0mo
10:10 Feudal Age
13:38 Castle Age
11:36 Double-Bit Axe
11:40 Horse Collar
14:36 Bow Saw
15:00 Heavy Plow
20:12 Wheelbarrow
21:31 Hand Cart
25:43 Imperial Age
23:24 Gold Mining
23:32 Fletching
23:44 Padded Archer Armor
23:25 Crossbowman
24:27 Bodkin Arrow
25:16 Ballistics
25:45 Leather Archer Armor
26:26 Bracer
27:27 Chemistry
26:29 Stone Mining
26:18 Elite Skirmisher
27:44 Ring Archer Armor
27:51 Loom
29:09 Two-Man Saw
29:47 Thumb Ring
29:27 Arbalester
31:44 Gold Shaft Mining
Mariann
10:42 Feudal Age
11:48 Double-Bit Axe
14:29 Castle Age
12:15 Horse Collar
15:22 Bow Saw
18:42 Loom
20:46 Wheelbarrow
20:59 Wheelbarrow
24:23 Hand Cart
28:58 Imperial Age
26:50 Scale Barding Armor
26:55 Forging
26:52 Heavy Plow
27:17 Gold Mining
27:17 Stone Mining
27:17 Gold Mining
28:25 Chain Barding Armor
29:09 Iron Casting
30:17 Plate Barding Armor
29:49 Husbandry
30:04 Bloodlines
31:27 Gold Shaft Mining
32:23 Blast Furnace
_
10:41 Feudal Age
12:01 Double-Bit Axe
14:50 Castle Age
13:15 Horse Collar
16:12 Wheelbarrow
16:25 Bow Saw
19:55 Loom
20:45 Heavy Plow
21:32 Gold Mining
23:48 Hand Cart
25:09 Stone Mining
27:11 Gold Shaft Mining
29:49 Imperial Age
28:10 Scale Barding Armor
29:13 Ballistics
28:47 Fletching
28:55 Treadmill Crane
29:26 Masonry
30:16 Bodkin Arrow
30:45 Chain Barding Armor
29:52 Elite Elephant Archer
30:48 Bracer
31:54 Conscription
32:52 Chemistry
33:15 Plate Barding Armor
32:49 Padded Archer Armor
AML4554
10:31 Feudal Age
14:47 Castle Age
12:45 Double-Bit Axe
13:46 Horse Collar
15:45 Bow Saw
20:23 Loom
24:01 Fletching
25:09 Wheelbarrow
26:16 Bodkin Arrow
28:11 Ballistics
33:11 Imperial Age
31:18 Masonry
31:50 Hand Cart
31:39 Heavy Plow
Supersonic Rocketship
10:45 Feudal Age
14:43 Castle Age
13:03 Double-Bit Axe
13:22 Horse Collar
15:39 Bow Saw
16:50 Loom
17:52 Fortified Wall
25:31 Imperial Age
24:00 Wheelbarrow
23:22 Gold Mining
24:04 Fletching
26:28 Bodkin Arrow
29:18 Conscription
29:15 Scale Barding Armor
29:21 Forging
30:01 Hand Cart
30:22 Husbandry
p1c0
11:49 Feudal Age
16:00 Castle Age
14:47 Double-Bit Axe
14:59 Loom
16:47 Wheelbarrow
17:11 Fletching
17:50 Bodkin Arrow
18:42 Scale Mail Armor
24:04 Forging
26:23 Hand Cart
31:21 Fortified Wall
m1gzu
11:34 Feudal Age
12:51 Double-Bit Axe
15:23 Castle Age
13:16 Horse Collar
16:27 Bow Saw
19:22 Loom
23:30 Wheelbarrow
22:40 Town Watch
24:08 Heavy Plow
24:23 Gold Mining
24:23 Stone Mining
25:51 Hand Cart
29:11 Imperial Age
27:46 Scale Mail Armor
27:57 Forging
27:34 Gambesons
29:22 Chain Mail Armor
29:53 Gold Shaft Mining
29:53 Stone Shaft Mining
29:16 Capped Ram
30:59 Plate Mail Armor
32:09 Iron Casting
Connection lost

Rejoining the realm…

Still unreachable

The connection could not be restored.

Session expired

The server has moved on; the page needs a fresh start.